 Dungeon Crawl Stone Soup version 0.24.1-5-g77f818bfca (webtiles) character file.

Game seed: 4281368200888966384, levelgen mode: deterministic

777114 Peloso the Demonic Barricade (level 27, -13/242 HPs)
             Began as a Demonspawn Fighter on Apr 25, 2020.
             Was the Champion of Okawaru.
             Killed from afar by an elemental wellspring (28 damage)
             ... with a torrent of water
             ... on level 7 of Cocytus on Apr 26, 2020.
             The game lasted 05:53:27 (91672 turns).

Peloso the Demonic Barricade (Demonspawn Fighter)  Turns: 91672, Time: 05:53:27

Health: -13/242    AC: 48    Str: 43    XL:     27
Magic:  0/21       EV: 13    Int:  6    God:    Okawaru [******]
Gold:   4847       SH: 39    Dex: 13    Spells: 26/26 levels left

rFire    + + .     SeeInvis +   i - +9 double sword (vamp)
rCold    + + +     Gourm    .   p - +9 large shield "Lik Xod" {+Blink Regen+ Str+4 Stlth+}
rNeg     + + .     Faith    .   F - +8 crystal plate armour of Follow the Leader {rC++ Int-4}
rPois    +         Spirit   +   q - -2 hat of the Alchemist {rElec rPois rF+ rC+ rN+ MR+ rMut rCorr}
rElec    +         Reflect  .   j - +1 cloak "Bakhlaetat" {rElec Regen+ Stlth+}
rCorr    +         Harm     .   J - +0 pair of gloves of Minor Irritation {rPois rF- Str+8 SInv}
rMut     +         Clarity  +   (boots unavailable)
MR       +++++                  V - amulet of the Four Winds {rN+ MR+++ Clar}
Stlth    ..........             u - ring of Robustness {AC+8}
HPRegen  1.30/turn              y - ring of the Priest {Str+6 Stlth-}
MPRegen  0.34/turn

@: engulfed (cannot breathe), hasted, quick
A: hooves 3, molten scales 3, clumsy 1, demonic guardian 3, fire resistance 1,
hurl damnation, low mp 2, weak 1, magic shield, magic regeneration, magic link,
flame cloud immunity
}: 4/15 runes: serpentine, barnacled, slimy, silver
a: Hurl Damnation, Heroism, Finesse, Renounce Religion, Evoke Blink


You were on level 7 of Cocytus.
You worshipped Okawaru.
Okawaru was exalted by your worship.
You were hungry.

You visited 14 branches of the dungeon, and saw 65 of its levels.
You visited 2 bazaars.
You also visited: Trove, Ossuary, Gauntlet, Ice Cave and Wizlab.

You collected 11895 gold pieces.
You spent 7048 gold pieces at shops.

Inventory:

Hand Weapons
 a - the +2 Maxwell's thermic engine {flame, freeze}
   (You took it off a vampire knight on level 4 of the Depths)

   It has been specially enchanted to burn those struck by it, causing extra
   injury to most foes and up to half again as much damage against particularly
   susceptible opponents.
   Big, fiery blades are also staple armaments of hydra-hunters.
   It has been specially enchanted to freeze those struck by it, causing extra
   injury to most foes and up to half again as much damage against particularly
   susceptible opponents.
 b - the +6 scimitar of Eternity {slice, rPois MR- Dex+6}
   (Okawaru gifted it to you on level 1 of Cocytus)

   It inflicts extra damage upon your enemies.
   It affects your dexterity (+6).
   It protects you from poison.
   It affects your resistance to hostile enchantments.
 i - a +9 vampiric double sword (weapon)
Armour
 c - the +2 large shield of Paism {+Blink rF- rCorr}
   (Okawaru gifted it to you on level 6 of Cocytus)

   It makes you vulnerable to fire.
   It lets you blink.
   It provides partial protection from all sources of acid and corrosion.
 d - the +14 crystal plate armour of Vess {Dex+4}
   (You bought it in a shop on level 3 of the Snake Pit)

   It affects your dexterity (+4).
 j - the +1 cloak "Bakhlaetat" (worn) {rElec Regen+ Stlth+}
   (You found it on level 5 of the Vaults)

   It insulates you from electricity.
   It increases your rate of regeneration.
   It makes you more stealthy.
 p - the +9 large shield "Lik Xod" (worn) {+Blink Regen+ Str+4 Stlth+}
   (Okawaru gifted it to you on level 1 of the Elven Halls)

   It affects your strength (+4).
   It lets you blink.
   It increases your rate of regeneration.
   It makes you more stealthy.
 q - the -2 hat of the Alchemist (worn) {rElec rPois rF+ rC+ rN+ MR+ rMut rCorr}
   (You found it in a treasure trove)

   It protects you from fire.
   It protects you from cold.
   It insulates you from electricity.
   It protects you from poison.
   It protects you from negative energy.
   It affects your resistance to hostile enchantments.
   It provides partial protection from all sources of acid and corrosion.
   It protects you from mutation.
 r - +2 storm dragon scales
 F - the +8 crystal plate armour of Follow the Leader (worn) {rC++ Int-4}
   (Okawaru gifted it to you on level 2 of the Crypt)

   It affects your intelligence (-4).
   It greatly protects you from cold.
 J - the +0 pair of gloves of Minor Irritation (worn) {rPois rF- Str+8 SInv}
   (Okawaru gifted it to you on level 2 of the Snake Pit)

   It affects your strength (+8).
   It makes you vulnerable to fire.
   It protects you from poison.
   It lets you see invisible.
Jewellery
 u - the ring of Robustness (left hand) {AC+8}
   (You found it in a wizard's laboratory)

   [ring of protection]

   It affects your AC (+8).
 y - the ring of the Priest (right hand) {Str+6 Stlth-}
   (You bought it in a shop on level 1 of the Shoals)

   [ring of attention]

   It affects your strength (+6).
   It makes you less stealthy.
 H - an uncursed ring of flight
 V - the amulet of the Four Winds (around neck) {rN+ MR+++ Clar}
   (You bought it in a shop on level 4 of the Snake Pit)

   [amulet of nothing]

   It protects you from negative energy.
   It affects your resistance to hostile enchantments.
   It protects you against confusion.
Wands
 T - a wand of digging (15)
Scrolls
 e - 14 scrolls of blinking
 m - 36 scrolls of remove curse
 n - 25 scrolls of teleportation
 o - 8 scrolls of noise
 E - 21 scrolls of identify
 K - 18 scrolls of fear
 M - 7 scrolls of magic mapping
Potions
 h - 12 potions of agility
 k - a potion of haste
 t - 6 potions of might
 v - 25 potions of curing
 w - 3 potions of flight
 x - 4 potions of mutation
 A - 7 potions of berserk rage
 R - 9 potions of heal wounds
Miscellaneous
 l - a phantom mirror
 B - a lamp of fire
 C - a lamp of fire
Comestibles
 f - 52 rations
 g - a chunk of flesh


   Skills:
 + Level 25.3 Fighting
   Level 6.5(17.6) Short Blades
 + Level 24.2(24.4) Long Blades
   Level 1.8 Axes
 + Level 18.9 Armour
 + Level 9.7 Dodging
 + Level 7.8 Stealth
 O Level 27 Shields
 + Level 5.7 Invocations
 + Level 2.0 Evocations


You had 26 spell levels left.
You didn't know any spells.
Your spell library contained the following spells:

 Spells                   Type           Power        Failure   Level  Hunger
 Animate Skeleton         Necr           N/A          95%         1    ##.....
 Apportation              Tloc           #.....       95%         1    ##.....
 Beastly Appendage        Tmut           #.....       95%         1    ##.....
 Confusing Touch          Hex            #.....       95%         1    ##.....
 Corona                   Hex            #......      95%         1    ##.....
 Flame Tongue             Conj/Fire      #....        95%         1    ##.....
 Freeze                   Ice            #...         95%         1    ##.....
 Infusion                 Chrm           #...         95%         1    ##.....
 Magic Dart               Conj           #...         95%         1    ##.....
 Pain                     Necr           #...         95%         1    ##.....
 Sandblast                Erth           #.....       95%         1    ##.....
 Sting                    Conj/Pois      #...         95%         1    ##.....
 Summon Butterflies       Summ           #.......     95%         1    ##.....
 Summon Small Mammal      Summ           #...         95%         1    ##.....
 Blink                    Tloc           N/A          99%         2    ###....
 Call Imp                 Summ           #.......     99%         2    ###....
 Corpse Rot               Necr           N/A          99%         2    ###....
 Ensorcelled Hibernation  Hex/Ice        #.....       99%         2    ###....
 Passwall                 Tmut/Erth      #.......     99%         2    ###....
 Poisonous Vapours        Pois/Air       #.....       99%         2    ###....
 Searing Ray              Conj           #.....       99%         2    ###....
 Shroud of Golubria       Chrm/Tloc      #.....       99%         2    ###....
 Slow                     Hex            #.......     99%         2    ###....
 Song of Slaying          Chrm           #.......     99%         2    ###....
 Sticks to Snakes         Tmut           #.......     99%         2    ###....
 Sublimation of Blood     Necr           #.........   99%         2    ###....
 Swiftness                Chrm/Air       #.......     99%         2    ###....
 Throw Flame              Conj/Fire      #.....       99%         2    ###....
 Throw Frost              Conj/Ice       #.....       99%         2    ###....
 Call Canine Familiar     Summ           #.......     100%        3    ####...
 Confuse                  Hex            #.......     100%        3    ####...
 Conjure Flame            Conj/Fire      #.......     100%        3    ####...
 Dazzling Spray           Conj/Hex       #.....       100%        3    ####...
 Gell's Gravitas          Tloc           #.........   100%        3    ####...
 Ignite Poison            Fire/Tmut/Pois #.......     100%        3    ####...
 Inner Flame              Hex/Fire       #.......     100%        3    ####...
 Lesser Beckoning         Tloc           #.........   100%        3    ####...
 Mephitic Cloud           Conj/Pois/Air  #.......     100%        3    ####...
 Ozocubu's Armour         Chrm/Ice       #.......     100%        3    ####...
 Portal Projectile        Hex/Tloc       #.....       100%        3    ####...
 Recall                   Summ/Tloc      N/A          100%        3    ####...
 Regeneration             Chrm/Necr      #.........   100%        3    ####...
 Spectral Weapon          Hex/Chrm       #.......     100%        3    ####...
 Spider Form              Tmut/Pois      #.........   100%        3    ####...
 Static Discharge         Conj/Air       #.......     100%        3    ####...
 Stone Arrow              Conj/Erth      #.....       100%        3    ####...
 Summon Guardian Golem    Hex/Summ       #.......     100%        3    ####...
 Teleport Other           Tloc           #.......     100%        3    ####...
 Tukima's Dance           Hex            #.......     100%        3    ####...
 Vampiric Draining        Necr           #.........   100%        3    ####...
 Animate Dead             Necr           N/A          100%        4    #####..
 Cause Fear               Hex            #.........   100%        4    #####..
 Force Lance              Conj/Tloc      #.......     100%        4    #####..
 Fulminant Prism          Conj/Hex       #.........   100%        4    #####..
 Ice Form                 Ice/Tmut       #.......     100%        4    #####..
 Iskenderun's Mystic Bla  Conj           #.......     100%        4    #####..
 Leda's Liquefaction      Hex/Erth       #.........   100%        4    #####..
 Olgreb's Toxic Radiance  Pois           #.......     100%        4    #####..
 Passage of Golubria      Tloc           N/A          100%        4    #####..
 Petrify                  Tmut/Erth      #.......     100%        4    #####..
 Sticky Flame             Conj/Fire      #.......     100%        4    #####..
 Summon Ice Beast         Ice/Summ       #.......     100%        4    #####..
 Summon Lightning Spire   Summ/Air       #.......     100%        4    #####..
 Throw Icicle             Conj/Ice       #.......     100%        4    #####..
 Aura of Abjuration       Summ           #.........   100%        5    ######.
 Blade Hands              Tmut           #.........   100%        5    ######.
 Bolt of Draining         Conj/Necr      #.........   100%        5    ######.
 Bolt of Magma            Conj/Fire/Erth #.........   100%        5    ######.
 Borgnjor's Vile Clutch   Necr/Erth      #.........   100%        5    ######.
 Excruciating Wounds      Chrm/Necr      #.........   100%        5    ######.
 Fireball                 Conj/Fire      #.........   100%        5    ######.
 Irradiate                Conj/Tmut      #.........   100%        5    ######.
 Iskenderun's Battlesphe  Conj/Chrm      #.......     100%        5    ######.
 Lee's Rapid Deconstruct  Erth           #.........   100%        5    ######.
 Silence                  Hex/Air        #.........   100%        5    ######.
 Summon Demon             Summ           #.........   100%        5    ######.
 Summon Forest            Summ/Tloc      #.........   100%        5    ######.
 Summon Mana Viper        Hex/Summ       #.......     100%        5    ######.
 Venom Bolt               Conj/Pois      #.........   100%        5    ######.
 Yara's Violent Unravell  Hex/Tmut       #.........   100%        5    ######.
 Bolt of Fire             Conj/Fire      #.........   100%        6    #######
 Conjure Ball Lightning   Conj/Air       #.........   100%        6    #######
 Darkness                 Hex            #.........   100%        6    #######
 Death Channel            Necr           #.........   100%        6    #######
 Deflect Missiles         Chrm/Air       #.........   100%        6    #######
 Dispersal                Tloc           #.........   100%        6    #######
 Freezing Cloud           Conj/Ice/Air   #.........   100%        6    #######
 Hydra Form               Tmut           #.........   100%        6    #######
 Invisibility             Hex            #.......     100%        6    #######
 Iron Shot                Conj/Erth      #.........   100%        6    #######
 Ozocubu's Refrigeration  Ice            #.........   100%        6    #######
 Statue Form              Tmut/Erth      #........    100%        6    #######
 Dragon Form              Tmut           #.........   100%        7    #######
 Malign Gateway           Summ/Tloc      #.........   100%        7    #######
 Monstrous Menagerie      Summ           #.........   100%        7    #######
 Orb of Destruction       Conj           #.........   100%        7    #######
 Ring of Flames           Chrm/Fire      #.........   100%        7    #######
 Spellforged Servitor     Conj/Summ      #.........   100%        7    #######
 Summon Greater Demon     Summ           #.........   100%        7    #######
 Summon Hydra             Summ           #.........   100%        7    #######
 Controlled Blink         Tloc           N/A          100%        8    #######
 Discord                  Hex            #.........   100%        8    #######
 Summon Horrible Things   Summ           #.........   100%        8    #######
 Dragon's Call            Summ           #.........   100%        9    #######
 Tornado                  Air            #.........   100%        9    #######


Dungeon Overview and Level Annotations

Branches:
Dungeon (15/15)            Temple (1/1) D:7            Lair (6/6) D:10
 Shoals (4/4) Lair:4        Snake (4/4) Lair:3        Slime (5/5) Lair:5
    Orc (2/2) D:10            Elf (3/3) Orc:2        Vaults (5/5) D:14
  Crypt (3/3) Vaults:3       Tomb (0/3) Crypt:3      Depths (5/5) D:15
   Hell (visited)             Dis (0/7) Hell            Coc (7/7) Hell
    Tar (0/7) Hell            Zot (4/5) Depths:5    Ossuary (visited)
  IceCv (visited)          WizLab (visited)         Gauntlet (visited)
    Geh: Hell:1

Altars:
Ashenzari
Cheibriados
Dithmenos
Elyvilon
Fedhas
Gozag
Hepliaklqana
Kikubaaqudgha
Makhleb
Nemelex Xobeh
Okawaru
Qazlal
Ru
Sif Muna
Trog
Vehumet
Wu Jian
Yredelemnul
Zin
The Shining One
Beogh
Jiyva

Shops:
Orc:2 !*?!   Elf:1 %   Shoals:1 =   Snake:1 }[   Snake:3 *([   Snake:4 =}=
Vaults:2 !   Vaults:4 :

Portals:
Hell: Depths:1 Depths:2 Depths:3 Depths:4 Depths:5
Abyss: Depths:4
Pandemonium: Depths:2 Depths:3 Depths:5
Ziggurat: Depths:2

Annotations:
D:2 1 runed translucent door
Coc:7 Antaeus


Innate Abilities, Weirdness & Mutations

You have hooves in place of feet.
You are completely covered in molten scales. (AC +4, rF+)
A powerful demonic guardian rushes to your aid.
Your flesh is heat resistant. (rF+)
You can hurl damnation.
When hurt, damage is shared between your health and your magic reserves.
You regenerate magic rapidly.
When low on magic, you restore magic in place of health.
You are immune to clouds of flame.
You are clumsy. (Dex -2)
Your magical capacity is very low. (-20% MP)
You are weak. (Str -2)


Message History

Your lorocyproca splashes around in the water.
Antaeus hits you.
* * * LOW HITPOINT WARNING * * *
Antaeus freezes you! You resist.
* * * LOW HITPOINT WARNING * * *
Antaeus hits you but does no damage. The titan zombie hits your lorocyproca.
Your lorocyproca hits the elemental wellspring!!
The elemental wellspring is destroyed!
Okawaru accepts your kill.
The water elemental disappears in a puff of smoke! x2
You feel yourself speed up.
* * * LOW HITPOINT WARNING * * *
Your lungs strain for air!
The shard shrike screeches!
The shard shrike claws your lorocyproca!!
Your lorocyproca dies!
You block the flying skull's attack. You block the water elemental's attack.
A torrent of water rises up through the elemental wellspring!
The torrent of water hits you!!
You die...

≈≈≈≈≈≈≈≈≈≈≈≈≈≈≈≈≈≈≈≈* **********
≈≈≈≈≈≈≈≈≈≈≈≈≈≈≈≈≈≈≈≈##
≈≈≈≈≈≈≈≈≈≈≈≈≈≈≈≈≈≈≈≈≈###*********
≈≈≈≈≈≈≈≈≈≈≈≈≈≈≈≈≈≈≈≈≈...,,,,,,,,,
≈≈≈≈≈≈≈≈≈≈≈≈≈≈≈≈≈≈≈≈....,,,,,,,,,
≈≈≈≈≈≈≈≈≈≈≈≈≈≈≈≈≈≈≈≈..≈≈≈≈≈≈≈≈≈≈,
≈≈≈≈≈≈≈≈.≈≈≈≈≈≈≈≈≈≈≈...≈≈≈,≈≈≈≈≈≈
≈≈≈≈≈≈≈...≈≈≈≈≈§EE......,≈≈≈,,,≈≈
≈≈≈≈≈≈........b†@zz.....,,,,,,,≈≈
≈≈≈≈≈≈≈...≈≈≈≈≈C§≈2Z....,≈≈≈,,,≈≈
≈≈≈≈≈≈≈≈.≈≈≈≈≈≈≈≈≈≈≈...≈≈≈,≈≈≈≈≈≈
*#≈≈≈≈≈≈≈≈≈≈≈≈≈≈≈≈≈≈..≈≈≈≈≈≈≈≈≈≈,
###≈≈≈≈≈≈≈≈≈≈≈≈≈≈≈≈....,,,,,,,,,
##≈≈≈≈≈≈≈≈≈≈≈≈≈≈≈≈...,,,,,,,,,
##≈≈≈≈≈≈≈≈≈≈≈≈≈≈≈≈..,,,,,,,,,
###################*********


You could see Antaeus, a shard shrike, an elemental wellspring, a water
elemental, 2 flying skulls, a titan zombie and a friendly lorocyproca
(invisible).

Vanquished Creatures
  the Royal Jelly (Slime:5)
  Dissolution (Slime:3)
  Mara (Depths:1)
  Mennas (Depths:3)
  An orb of fire (Zot:1)
  Sojobo (Crypt:1)
  Margery (Vaults:5)
  26 shard shrikes
  4 caustic shrikes
  A curse toe (Zot:3)
  A profane servitor (Crypt:3)
  11 golden dragons
  Geryon (Hell)
  Nikola (Shoals:1)
  Jory (Crypt:3)
  9 bone dragons
  4 electric golems
  The ghost of Kucw the Warrior, an adept GrFi of Cheibriados (Crypt:1)
  The ghost of Laowesea the Spry, an adept MfSu of Ru (D:15)
  12 tentacled monstrosities
  3 liches
  The ghost of Peloso the Hoplite, an adept MiFi of Okawaru (Snake:4)
  20 Ice Fiends
  5 titans
  5 quicksilver dragons
  6 death cobs
  A kraken (Shoals:1)
  3 deep elf blademasters
  13 acid blobs
  2 deep elf master archers (Elf:3)
  3 sphinxes
  7 ancient champions
  4 eldritch tentacles
  Polyphemus (Shoals:2)
  Kirke (D:14)
  8 shadow dragons
  Ilsuiw (Shoals:2)
  3 revenants
  15 azure jellies
  13 storm dragons
  3 draconian knights
  12 fire giants
  Roxanne (Shoals:4)
  5 tengu reavers
  5 nagarajas
  3 draconian scorchers
  3 draconian monks
  3 daevas (Depths:3)
  14 vault wardens
  Louise (Shoals:4)
  8 deep elf sorcerers
  6 draconian shifters
  A ghost moth (shapeshifter) (Vaults:5)
  5 iron dragons
  3 angels (Depths:3)
  10 frost giants
  Aizul (Shoals:3)
  2 curse skulls (Crypt:1)
  2 cacodemons (Hell)
  2 draconian stormcallers
  6 ironheart preservers
  3 deep elf elementalists
  3 draconian annihilators
  5 war gargoyles
  3 elemental wellsprings
  16 very ugly things
  4 ghouls
  23 reapers
  15 vampire knights
  4 white draconians
  7 deep elf demonologists
  An entropy weaver (Vaults:4)
  21 stone giants
  5 green draconians
  8 black draconians
  10 yellow draconians
  A lorocyproca (Hell)
  A minotaur (Gauntlet)
  9 deep elf annihilators
  2 spark wasps (Depths:2)
  5 purple draconians
  6 red draconians
  4 eidola
  8 ettins
  4 crystal guardians
  20 blizzard demons
  2 merfolk javelineers
  3 quicksilver dragon zombies
  8 merfolk impalers
  3 death oozes (Slime:5)
  2 deep elf high priests
  15 jiangshi
  Josephine (D:10)
  11 deep elf death magi
  The ghost of execc the Covert, a journeyman OpBe of Trog (D:13)
  Erolcha (D:9)
  3 kraken zombies
  36 ice dragons
  5 rakshasas
  6 fire dragons
  8 yaktaur captains
  27 vault guards
  11 great orbs of eyes
  6 spriggan air magi
  10 death knights
  5 hydras
  A catoblepas (shapeshifter) (Depths:4)
  4 merfolk aquamancers (Shoals:4)
  3 alligator snapping turtles
  2 catoblepae
  14 anacondas
  4 merfolk avatars
  13 ogre magi
  16 naga warriors
  5 deep troll shamans
  33 two-headed ogres
  21 dancing weapons
  15 centaur warriors
  A spectral fire giant (Crypt:3)
  3 satyrs
  8 deep troll earth magi
  4 tengu warriors
  10 vampire magi
  5 titan zombies
  An alligator (Shoals:1)
  5 orc high priests (Orc:2)
  10 death yaks
  A shock serpent (shapeshifter) (Depths:4)
  7 spriggan berserkers
  An iron golem (WizLab)
  2 titan skeletons
  2 sun demons
  9 naga sharpshooters
  6 shock serpents
  4 soul eaters (Hell)
  3 iron trolls (Depths:1)
  5 storm dragon zombies
  19 deep elf knights
  3 shadow wraiths (Crypt:3)
  93 skeletal warriors
  16 hell knights
  6 cherubim (Depths:3)
  2 sixfirhies
  3 golden dragon zombies
  2 salamander mystics
  7 unseen horrors
  11 sea snakes
  9 storm dragon skeletons
  16 anaconda zombies
  A deep troll (shapeshifter) (Depths:4)
  13 flayed ghosts
  A kraken simulacrum (Hell)
  2 quicksilver dragon simulacra
  8 naga ritualists
  2 unseen horrors (shapeshifter)
  A sea snake (shapeshifter) (Vaults:5)
  5 glowing orange brains
  12 ironbrand convokers
  An obsidian statue (D:13)
  17 deep elf archers
  23 deep trolls
  4 wizards
  11 necromancers
  2 orange crystal statues (Depths:4)
  8 harpies
  A wolf spider zombie (Coc:7)
  2 shadow dragon zombies (Coc:1)
  A golden dragon skeleton (Coc:6)
  6 anaconda skeletons
  A spectral wolf spider (Crypt:3)
  6 shining eyes
  5 phantasmal warriors
  2 iron dragon zombies (Coc:1)
  16 orc knights
  3 orc sorcerers
  2 tengu zombies
  3 fire giant zombies (Coc:6)
  6 shadow dragon skeletons
  6 cyclopes
  8 manticores
  A faun (shapeshifter) (Depths:1)
  77 deep elf magi
  37 ugly things
  68 slime creatures
  7 frost giant zombies
  A mana viper (shapeshifter) (Vaults:5)
  5 mana vipers
  7 salamanders
  3 stone giant zombies
  3 oklob plants (D:12)
  A moth of wrath (shapeshifter) (Vaults:1)
  15 fauns
  A sphinx skeleton (Vaults:5)
  8 merfolk sirens
  6 wolf spiders
  15 moths of wrath
  3 fire giant skeletons
  27 black mambas
  2 centaur zombies
  7 elephants (Lair:6)
  2 iron dragon skeletons
  2 salamanders (shapeshifter) (Depths:2)
  4 ice statues
  An elephant (shapeshifter) (Depths:1)
  6 torpor snails
  4 frost giant skeletons
  2 eyes of devastation
  A spiny frog (shapeshifter) (Depths:1)
  3 dire elephant zombies
  5 orange demons
  3 stone giant skeletons
  3 guardian serpents
  2 water nymphs
  A rust devil (Hell)
  9 vault sentinels
  Psyche (D:12)
  6 gargoyles (WizLab)
  20 naga magi
  11 spiny frogs
  An alligator snapping turtle zombie (Crypt:1)
  2 rime drakes
  A shock serpent skeleton (Crypt:1)
  69 freezing wraiths
  2 komodo dragons (shapeshifter)
  2 dire elephant skeletons
  An emperor scorpion zombie (Coc:2)
  A yaktaur (shapeshifter) (Depths:2)
  A kobold demonologist (D:13)
  A rime drake (shapeshifter) (Depths:4)
  A yaktaur zombie (Vaults:1)
  A ghost moth simulacrum (Coc:7)
  72 yaktaurs
  16 tormentors
  An efreet (D:13)
  A yaktaur skeleton (Vaults:3)
  2 catoblepas zombies
  5 komodo dragons
  65 ice devils
  2 human skeletons
  A harpy zombie (Coc:6)
  A red draconian skeleton (Crypt:2)
  2 anaconda simulacra
  7 trolls
  2 polar bears (shapeshifter)
  4 tengu conjurers
  28 merfolk
  3 meliai (shapeshifter)
  5 tyrant leeches
  12 hydra skeletons
  6 wind drakes
  16 hornets
  18 polar bears
  A death drake skeleton (Crypt:2)
  3 harpy skeletons
  A red devil (D:13)
  31 hydra zombies
  A merfolk (shapeshifter) (Depths:4)
  A large abomination (Crypt:3)
  A blink frog (shapeshifter) (D:14)
  2 bog bodies
  A hornet (shapeshifter) (Depths:4)
  5 blink frogs
  A wind drake (shapeshifter) (Depths:2)
  11 snapping turtles
  3 ice dragon zombies
  11 hippogriffs
  6 ettin zombies
  2 dream sheep (Lair:6)
  2 raiju (Lair:6)
  3 fire dragon zombies
  7 alligator zombies
  2 air elementals
  A stone giant simulacrum (Coc:4)
  27 water elementals
  101 flying skulls
  A tarantella (Vaults:4)
  3 alligator skeletons
  10 ettin skeletons
  A hog (shapeshifter) (Vaults:3)
  12 shadows
  43 yaks
  7 spriggans
  3 vampires
  25 wraiths
  2 dire elephant simulacra
  3 fire dragon skeletons
  3 wyverns
  2 hogs (D:14)
  4 fire bats (Lair:1)
  2 humans (shapeshifter) (Depths:4)
  A black mamba skeleton (Coc:4)
  8 golden eyes
  A basilisk (shapeshifter) (Depths:2)
  3 neqoxecs (D:13)
  4 hungry ghosts
  2 basilisks
  A minotaur simulacrum (Coc:6)
  A spatial vortex (Coc:4)
  6 vampire mosquitoes
  6 swamp worms
  10 wargs
  3 acid dragons
  A warg (shapeshifter) (D:13)
  A soldier ant (shapeshifter) (Depths:4)
  3 hydra simulacra
  A merfolk zombie (Coc:2)
  A soldier ant (D:10)
  34 nagas
  2 floating eyes
  A floating eye (shapeshifter) (Depths:4)
  11 porcupines
  19 water moccasins
  12 hell hounds (Lair:6)
  20 spiny frog zombies
  6 eyes of draining
  16 ice beasts
  3 sky beasts
  A deep troll skeleton (Vaults:3)
  34 orc warriors
  An alligator simulacrum (Coc:5)
  4 ettin simulacra
  8 human zombies
  5 spiny frog skeletons
  3 snapping turtle zombies
  9 black bears (Lair:6)
  A fire dragon simulacrum (Coc:1)
  4 phantoms
  A swamp dragon zombie (Coc:6)
  A manticore zombie (Coc:6)
  12 necrophages
  2 hornet zombies
  A black mamba simulacrum (Coc:1)
  An elf zombie (Vaults:4)
  3 ice dragon simulacra
  47 wolves
  36 ogres
  22 boggarts
  A boggart (shapeshifter) (Depths:4)
  A tengu (shapeshifter) (Depths:4)
  An elephant skeleton (Crypt:1)
  A centaur (shapeshifter) (Elf:1)
  11 centaurs
  18 crocodiles
  6 snapping turtle skeletons
  2 manticore skeletons
  2 swamp dragon skeletons (Coc:4)
  A big kobold (shapeshifter) (D:13)
  5 big kobolds
  2 elf simulacra
  7 earth elementals
  14 bullfrogs
  A wyvern zombie (Crypt:1)
  A deep troll simulacrum (Vaults:5)
  3 small abominations (Crypt:3)
  An elf skeleton (Crypt:2)
  3 spiny frog simulacra
  5 scorpions
  A wyvern skeleton (D:9)
  2 human simulacra
  17 killer bees
  46 wights
  4 howler monkeys
  8 electric eels
  11 crimson imps
  3 quasits
  A bullfrog zombie (D:8)
  10 hounds
  4 iron imps
  35 orc priests
  A bullfrog skeleton (D:8)
  11 orc wizards
  A gnoll shaman (Orc:1)
  3 centaur skeletons
  Terence (D:3)
  2 iguanas
  7 worker ants
  A killer bee zombie (D:6)
  3 big kobold zombies (Ossuary)
  An ogre zombie (Crypt:2)
  A big kobold skeleton (Crypt:1)
  A felid skeleton (Crypt:1)
  2 hound skeletons
  9 mummies
  A worker ant zombie (D:11)
  18 adders
  15 gnolls
  5 shadow imps
  53 white imps
  An ooze (D:3)
  An adder skeleton (D:10)
  4 adder zombies
  A lava snake skeleton (Crypt:2)
  A dart slug (D:3)
  4 worms
  11 leopard geckos
  90 orcs
  3 giant cockroaches
  4 goblins
  5 hobgoblins
  16 jackals
  A jackal (shapeshifter) (D:13)
  4 quokkas
  3 ball pythons
  5 bats
  4 frilled lizards
  5 gnoll zombies (Ossuary)
  A hobgoblin zombie (Ossuary)
  A jackal skeleton (D:4)
  16 kobolds
  3 kobold zombies
  A leopard gecko skeleton (D:5)
  An orc skeleton (Crypt:2)
  7 orc zombies (Ossuary)
  A quokka skeleton (D:4)
  8 rats
  A rat zombie (Crypt:1)
  A bush (Shoals:3)
  A butterfly (Lair:3)
  3 fungi
  3 plants
  3 tentacles
3255 creatures vanquished.

Vanquished Creatures (collateral kills)
  A juggernaut (Depths:2)
  2 shard shrikes
  Xtahua (Crypt:1)
  2 golden dragons (Zot:2)
  A bone dragon (Coc:1)
  A lich (Depths:4)
  A tentacled monstrosity (Zot:3)
  An acid blob (Slime:4)
  2 death cobs
  2 tengu reavers
  A revenant (Hell)
  2 storm dragons
  3 nagarajas (Snake:4)
  A fire giant (Depths:2)
  A draconian knight (Zot:1)
  3 frost giants
  A draconian annihilator (Depths:5)
  A curse skull (Crypt:1)
  A reaper (Hell)
  A ghoul (Vaults:2)
  2 draconian shifters
  A very ugly thing (Depths:1)
  An elemental wellspring (Coc:7)
  3 ironheart preservers
  A stone giant (Depths:2)
  A war gargoyle (Hell)
  2 green draconians (Zot:1)
  An entropy weaver (Vaults:2)
  A yellow draconian (Zot:1)
  4 purple draconians
  2 white draconians
  2 merfolk javelineers
  A deep elf death mage (Elf:2)
  2 merfolk impalers (Shoals:4)
  4 jiangshi (Crypt:3)
  3 great orbs of eyes
  5 hydras
  3 yaktaur captains
  2 naga warriors
  6 vault guards
  A merfolk aquamancer (Shoals:4)
  3 ice dragons
  4 centaur warriors
  A merfolk avatar (Shoals:1)
  A deep troll shaman (Depths:1)
  An anaconda (Snake:4)
  11 two-headed ogres
  3 deep troll earth magi
  A naga sharpshooter (Snake:4)
  A dancing weapon (Elf:2)
  An orc high priest (Orc:1)
  3 hell knights
  3 sun demons (Hell)
  A deep elf knight (Elf:1)
  7 skeletal warriors
  An iron troll (Depths:4)
  A sixfirhy (Gauntlet)
  2 anaconda zombies (Hell)
  An unseen horror (D:14)
  A glowing orange brain (Vaults:2)
  4 deep trolls
  A sea snake (Shoals:4)
  A lindwurm (shapeshifter) (Vaults:5)
  3 deep elf archers
  A lindwurm (Lair:6)
  2 orc knights
  A necromancer (Hell)
  2 cyclopes
  8 deep elf magi
  3 mana vipers
  2 fauns
  2 moths of wrath
  4 ugly things
  2 salamanders
  4 elephants (Lair:6)
  2 black mambas
  A frost giant skeleton (Coc:5)
  2 vault sentinels
  3 naga magi (Snake:4)
  A torpor snail (Lair:6)
  2 water nymphs (Shoals:4)
  A redback zombie (D:13)
  A rime drake (Lair:6)
  6 yaktaurs
  3 freezing wraiths
  7 ice devils
  4 merfolk
  A troll (D:12)
  2 hydra zombies
  7 polar bears
  2 hornets (Depths:4)
  A raiju (Lair:6)
  7 slime creatures
  5 blink frogs
  2 dream sheep (Lair:6)
  2 hippogriffs (D:9)
  10 flying skulls
  A spriggan (Depths:4)
  3 wraiths
  2 redbacks (Vaults:4)
  8 yaks
  A water elemental (Shoals:4)
  3 wargs (Lair:6)
  3 nagas (Snake:4)
  A spiny frog zombie (Coc:5)
  5 water moccasins
  3 ice beasts
  2 orc warriors (Vaults:5)
  3 black bears
  A human zombie (Vaults:4)
  A boggart (Vaults:1)
  7 centaurs
  8 ogres
  2 wolves (Lair:6)
  2 bullfrogs
  A killer bee (D:8)
  A howler monkey (D:7)
  An iron imp (Hell)
  2 orc wizards
  An orc priest (Orc:1)
  An iguana (D:7)
  A killer bee zombie (D:9)
  2 adders
  3 white imps
  A leopard gecko (D:8)
  9 orcs
  3 ball pythons (Lair:3)
  A fungus (Lair:6)
  A plant (Lair:6)
320 creatures vanquished.

Vanquished Creatures (others)
  An eldritch tentacle (Coc:2)
  A deep elf elementalist (Elf:3)
  A war gargoyle (WizLab)
  3 elemental wellsprings
  A vault guard (Vaults:5)
  A centaur warrior (D:13)
  A satyr (Shoals:4)
  A merfolk aquamancer (Shoals:1)
  A naga sharpshooter (Snake:4)
  A hell knight (Depths:2)
  2 deep elf knights
  A sixfirhy (D:13)
  A naga ritualist (Snake:4)
  A deep elf mage (Elf:3)
  2 moths of wrath (Zot:2)
  A cyclops (Shoals:4)
  A yaktaur (Shoals:3)
  A water elemental (Coc:7)
  2 yaks (IceCv)
  A chaos spawn (D:13)
  A large abomination (D:13)
  A centaur (D:15)
  A boggart (Depths:3)
  An ogre (Depths:3)
  2 wolves (IceCv)
  A white imp (D:13)
  An ufetubus (D:13)
  An orc (Vaults:3)
  A kobold (D:13)
  9 fungi (Lair:6)
  43 plants
  22 tentacles
109 creatures vanquished.

Grand Total: 3684 creatures vanquished

Notes
Turn   | Place    | Note
-------+----------+-------------------------------------------
     0 | D:1      | Peloso the Demonspawn Fighter began the quest for the Orb.
     0 | D:1      | Reached XP level 1. HP: 18/18 MP: 1/1
   279 | D:1      | Gained mutation: When hurt, damage is shared between your
                  | health and your magic reserves. [demonic ancestry]
   279 | D:1      | Reached XP level 2. HP: 24/24 MP: 2/2
   773 | D:2      | Found a runed translucent door.
   773 | D:2      | Noticed a human
   793 | D:2      | Found a stormy altar of Qazlal.
   794 | D:2      | Noticed an air elemental
   796 | D:2      | Noticed an earth elemental
   796 | D:2      | Noticed a water elemental
   796 | D:2      | Noticed a fire elemental
   804 | D:2      | Found a basalt altar of Yredelemnul.
   852 | D:2      | Gained mutation: You are partially covered in molten
                  | scales. (AC +2) [demonic ancestry]
   852 | D:2      | Reached XP level 3. HP: 28/29 MP: 3/3
   893 | D:2      | Found a faded altar of an unknown god.
  1171 | D:3      | Reached skill level 3 in Shields
  1173 | D:3      | Noticed Terence
  1184 | D:3      | Killed Terence
  1184 | D:3      | Gained mutation: You have large cloven feet. [demonic
                  | ancestry]
  1184 | D:3      | Reached XP level 4. HP: 23/36 MP: 4/4
  1374 | D:3      | Gained mutation: A weak demonic guardian rushes to your
                  | aid. [demonic ancestry]
  1374 | D:3      | Reached XP level 5. HP: 10/42 MP: 3/5
  1968 | D:3      | Found an iron altar of Okawaru.
  1977 | D:3      | Became a worshipper of Warmaster Okawaru
  2151 | D:4      | Reached skill level 1 in Dodging
  2173 | D:4      | Found a sand-covered staircase.
  2182 | Ossuary  | Entered an ossuary
  2207 | Ossuary  | Gained mutation: You have hoof-like feet. [demonic
                  | ancestry]
  2207 | Ossuary  | Reached XP level 6. HP: 39/48 MP: 4/6
  2516 | D:4      | Got a pair of twisted boots
  2522 | D:4      | Identified the +0 pair of boots "Happas" {MR+ Int+5 Dex+3}
                  | (You found it on level 4 of the Dungeon)
  2535 | D:4      | Got a faintly glowing dagger
  2536 | D:4      | Identified the +11 dagger "Rusiops" {pierce, *Rage MP+9
                  | Int+4} (You found it on level 4 of the Dungeon)
  2643 | D:4      | Found a hazy altar of Hepliaklqana.
  2659 | D:4      | Found a glowing golden altar of the Shining One.
  2712 | D:4      | Found a shadowy altar of Dithmenos.
  3094 | D:4      | Reached skill level 4 in Shields
  3192 | D:4      | Gained mutation: You regenerate magic rapidly. [demonic
                  | ancestry]
  3192 | D:4      | Reached XP level 7. HP: 51/54 MP: 7/7
  3230 | D:5      | Entered Level 5 of the Dungeon
  3252 | D:5      | Found a shimmering blue altar of Sif Muna.
  3287 | D:5      | Reached * piety under Okawaru
  3294 | D:5      | Found a glowing silver altar of Zin.
  4046 | D:6      | Found an ornate altar of the Wu Jian Council.
  4084 | D:6      | Reached skill level 1 in Short Blades
  4173 | D:6      | Reached skill level 1 in Stealth
  4272 | D:6      | Reached ** piety under Okawaru
  4966 | D:7      | Found a snail-covered altar of Cheibriados.
  4966 | D:7      | Found a blossoming altar of Fedhas.
  5015 | D:7      | Found a staircase to the Ecumenical Temple.
  5033 | D:7      | Reached XP level 8. HP: 55/61 MP: 8/8
  5036 | D:7      | Reached skill level 5 in Shields
  5173 | D:7      | Reached *** piety under Okawaru
  5530 | D:7      | Reached skill level 6 in Shields
  5614 | D:7      | Found a bloodstained altar of Trog.
  5744 | D:8      | Reached XP level 9. HP: 64/67 MP: 9/9
  5820 | D:8      | Reached **** piety under Okawaru
  5823 | D:8      | Found an opulent altar of Gozag.
  5823 | D:8      | Noticed a two-headed ogre
  5837 | D:8      | Killed a two-headed ogre
  5837 | D:8      | Reached skill level 5 in Fighting
  5837 | D:8      | Reached skill level 5 in Short Blades
  5837 | D:8      | Reached skill level 5 in Armour
  6230 | D:8      | Reached skill level 5 in Long Blades
  6324 | D:8      | Reached ***** piety under Okawaru
  6324 | D:8      | Reached skill level 7 in Shields
  6634 | D:8      | Found a bloodstained altar of Trog.
  7103 | D:9      | Noticed Erolcha
  7943 | D:9      | Killed Erolcha
  7943 | D:9      | Reached skill level 1 in Invocations
  7943 | D:9      | Reached XP level 10. HP: 45/76 MP: 6/10
  8126 | D:9      | Received a gift from Okawaru
  8140 | D:9      | Noticed a four-headed hydra
  8735 | D:9      | Found a basalt altar of Yredelemnul.
  8846 | D:9      | Reached skill level 8 in Shields
  8943 | D:9      | Killed a 13-headed hydra
  9309 | D:9      | Found a sparkling altar of Nemelex Xobeh.
  9424 | D:10     | Entered Level 10 of the Dungeon
  9435 | D:10     | Noticed a two-headed ogre
  9445 | D:10     | Killed a two-headed ogre
  9484 | D:10     | Noticed Josephine
 10343 | D:10     | Reached XP level 11. HP: 83/83 MP: 11/11
 10375 | D:10     | Found a staircase to the Lair.
 10817 | D:10     | Killed an unseen horror
 10820 | D:10     | Received a gift from Okawaru
 10891 | D:10     | Found a roughly hewn altar of Beogh.
 11070 | D:10     | Found a staircase to the Orcish Mines.
 11772 | D:10     | Killed Josephine
 11772 | D:10     | Reached skill level 9 in Shields
 12019 | D:11     | Noticed a white ugly thing
 12049 | D:11     | Killed a white ugly thing
 12409 | D:11     | Killed an unseen horror
 12589 | D:11     | Found a stormy altar of Qazlal.
 12663 | D:11     | Found a burning altar of Makhleb.
 13086 | Lair:1   | Entered Level 1 of the Lair of Beasts
 13160 | Lair:1   | Reached ****** piety under Okawaru
 13232 | Lair:1   | Received a gift from Okawaru
 13242 | Lair:1   | Got a pair of dazzling gloves {god gift}
 13253 | Lair:1   | Identified the +0 pair of gloves "Lyts" {Int+4} (Okawaru
                  | gifted it to you on level 1 of the Lair of Beasts)
 13257 | Lair:1   | Got a brightly glowing chain mail
 13268 | Lair:1   | Identified the cursed +1 chain mail of the Mutiny {rF+ rN+}
                  | (You found it on level 1 of the Lair of Beasts)
 13419 | Lair:1   | Noticed a five-headed hydra
 13437 | Lair:1   | Killed a five-headed hydra
 13437 | Lair:1   | Reached skill level 1 in Evocations
 13437 | Lair:1   | Reached XP level 12. HP: 92/92 MP: 13/13
 13499 | Lair:1   | Reached skill level 10 in Shields
 15296 | Lair:3   | Noticed a seven-headed hydra
 15316 | Lair:3   | Found a staircase to the Snake Pit.
 15538 | Orc:1    | Entered Level 1 of the Orcish Mines
 15613 | Orc:1    | Noticed an orc high priest
 15705 | Orc:1    | Killed an orc high priest
 15730 | Orc:1    | Received a gift from Okawaru
 15764 | Orc:1    | You fall into a shaft and drop 1 floor!
 15764 | Orc:2    | Entered Level 2 of the Orcish Mines
 15782 | Orc:2    | Noticed a two-headed ogre
 15799 | Orc:2    | Killed a two-headed ogre
 16849 | Orc:2    | Found a roughly hewn altar of Beogh.
 16849 | Orc:2    | Found a staircase to the Elven Halls.
 16877 | Orc:2    | Noticed an orc high priest
 16894 | Orc:2    | Noticed a two-headed ogre
 16929 | Orc:1    | Killed a two-headed ogre
 17081 | D:12     | Noticed Psyche
 17087 | D:12     | Killed Psyche
 17114 | D:12     | Reached skill level 11 in Shields
 17149 | D:12     | Reached skill level 10 in Long Blades
 17206 | D:12     | Got a polished war axe
 17207 | D:12     | Identified the +3 war axe "Fuaxoacs" {freeze, +Inv rC- rN+
                  | Stlth+} (You found it on level 12 of the Dungeon)
 17436 | D:12     | Gained mutation: You have hooves in place of feet. [demonic
                  | ancestry]
 17436 | D:12     | Reached XP level 13. HP: 83/101 MP: 11/14
 17488 | D:12     | Paralysed by a floating eye for 4 turns
 17883 | D:12     | Paralysed by a floating eye for 3 turns
 17888 | D:12     | Paralysed by a floating eye for 2 turns
 18053 | D:13     | Received a gift from Okawaru
 18057 | D:13     | Got a pitted chain mail {god gift}
 18068 | D:13     | Identified the +4 chain mail "Jiuwk" {MR++} (Okawaru gifted
                  | it to you on level 13 of the Dungeon)
 18619 | D:13     | Found a runed translucent gate.
 18619 | D:13     | Found a runed translucent gate.
 18619 | D:13     | Found a runed translucent gate.
 18619 | D:13     | Noticed a cyan very ugly thing
 18619 | D:13     | Noticed a brown very ugly thing
 20561 | Orc:2    | Reached skill level 5 in Dodging
 20659 | Orc:2    | Found Zacsaec's Magic Scroll Boutique.
 20659 | Orc:2    | Found Biloim's Distillery.
 20660 | Orc:2    | Found Leuw's Distillery.
 20660 | Orc:2    | Found Zawaom's General Store.
 20668 | Orc:2    | Bought a potion of heal wounds for 70 gold pieces
 20671 | Orc:2    | Bought a potion of mutation for 96 gold pieces
 20672 | Orc:2    | Bought a scroll of enchant armour for 105 gold pieces
 20676 | Orc:2    | Bought a scroll of identify for 28 gold pieces
 20676 | Orc:2    | Bought a scroll of identify for 28 gold pieces
 20676 | Orc:2    | Bought a scroll of magic mapping for 49 gold pieces
 20691 | Orc:2    | Bought a scroll of identify for 28 gold pieces
 21050 | D:14     | Reached skill level 12 in Shields
 21524 | D:14     | Noticed an ironheart preserver
 21527 | D:14     | Found a gate to the Vaults.
 21593 | D:14     | Killed an ironheart preserver
 21593 | D:14     | Reached skill level 10 in Fighting
 21593 | D:14     | Gained mutation: A demonic guardian rushes to your aid.
                  | [demonic ancestry]
 21593 | D:14     | Reached XP level 14. HP: 98/110 MP: 15/15
 21727 | D:14     | Received a gift from Okawaru
 22349 | D:14     | Noticed Kirke
 22380 | D:14     | Killed Kirke
 23012 | Lair:3   | Received a gift from Okawaru
 23795 | Lair:4   | Reached skill level 10 in Armour
 24034 | Lair:4   | Found a staircase to the Shoals.
 24769 | Lair:5   | Found a staircase to the Slime Pits.
 24770 | Lair:5   | Found a viscous altar of Jiyva.
 25385 | Lair:6   | Entered Level 6 of the Lair of Beasts
 25445 | Lair:6   | Reached skill level 1 in Axes
 25449 | Lair:6   | Reached skill level 13 in Shields
 25495 | Lair:6   | Found a gate leading to a gauntlet.
 25502 | Gauntlet | Entered a Gauntlet
 25502 | Gauntlet | Found a transporter.
 25511 | Gauntlet | Found a transporter.
 25513 | Gauntlet | Found a transporter.
 25514 | Gauntlet | Found a transporter.
 25517 | Gauntlet | Found a transporter.
 25518 | Gauntlet | Found a transporter.
 25530 | Gauntlet | Found a transporter.
 25551 | Gauntlet | Found a transporter.
 25568 | Gauntlet | Found a transporter.
 25572 | Gauntlet | Found a transporter.
 25580 | Gauntlet | Found a transporter.
 25639 | Gauntlet | Found a transporter.
 25743 | Gauntlet | Gained mutation: You are mostly covered in molten scales.
                  | (AC +3) [demonic ancestry]
 25743 | Gauntlet | Reached XP level 15. HP: 112/117 MP: 14/16
 25752 | Gauntlet | Got a distressingly furry helmet
 25758 | Gauntlet | Identified the +0 helmet of the Ego {rElec rC+ Dex+3} (You
                  | found it in a Gauntlet)
 25793 | Gauntlet | Got a brightly glowing hat
 25804 | Gauntlet | Identified the cursed +0 hat "Hayxutof" {Dex+7 Slay-2} (You
                  | found it in a Gauntlet)
 25834 | Gauntlet | Identified the +9 shortbow "Jepneph" {flame, rElec rF-
                  | Stlth+}
 25870 | Lair:6   | Received a gift from Okawaru
 25910 | Lair:6   | Got an ichor-stained buckler {god gift}
 25957 | Lair:6   | Found a frozen archway.
 25966 | IceCv    | Entered an ice cave
 25995 | IceCv    | Identified the -2 buckler of Submission {rPois} (Okawaru
                  | gifted it to you on level 6 of the Lair of Beasts)
 26432 | IceCv    | Noticed a frost giant
 26452 | IceCv    | Killed a frost giant
 27112 | Lair:6   | Received a gift from Okawaru
 27700 | Lair:6   | Found a runed translucent door.
 27806 | Lair:6   | Got a slimy plate armour
 27817 | Lair:6   | Identified the cursed +0 plate armour of Hedonism {Regen+
                  | Str-5 Dex-3 Stlth+} (You found it on level 6 of the Lair of
                  | Beasts)
 28848 | D:15     | Entered Level 15 of the Dungeon
 28899 | D:15     | Found a runed translucent gate.
 28902 | D:15     | Found a runed translucent gate.
 28903 | D:15     | Found a runed translucent gate.
 28905 | D:15     | Noticed Laowesea's ghost (adept MfSu)
 29558 | D:15     | Reached skill level 14 in Shields
 29963 | D:15     | Got an ivory flail
 30041 | D:15     | Received a gift from Okawaru
 30166 | D:15     | Found a staircase to the Depths.
 30166 | D:15     | Noticed a frost giant
 30174 | D:15     | Killed a frost giant
 30174 | D:15     | Gained mutation: Your flesh is heat resistant. (rF+)
                  | [demonic ancestry]
 30174 | D:15     | Reached XP level 16. HP: 112/127 MP: 12/18
 30321 | D:15     | Got a fine helmet
 30332 | D:15     | Identified the +2 helmet of Lidoathrott {rC+ Str+4 Int+2}
                  | (You found it on level 15 of the Dungeon)
 30563 | D:15     | Killed Laowesea's ghost
 30574 | D:15     | Got a fine quick blade
 30662 | D:13     | Received a gift from Okawaru
 30696 | D:13     | Found a runed translucent gate.
 30696 | D:13     | Found a runed translucent gate.
 30703 | D:13     | Noticed execc's ghost (journeyman OpBe)
 30710 | D:13     | Found a runed translucent gate.
 31258 | Shoals:1 | Entered Level 1 of the Shoals
 32903 | Shoals:1 | Found Dibukhar's Jewellery Shoppe.
 32907 | Shoals:1 | Received a gift from Okawaru
 32920 | Shoals:1 | Bought the ring of the Priest {Str+6 Stlth-} for 433 gold
                  | pieces
 33158 | Shoals:1 | Noticed Nikola
 33170 | Shoals:1 | Killed Nikola
 33619 | Shoals:1 | Found the +5 scythe "Finisher" {speed, eviscerate}
 33786 | Shoals:1 | Noticed a kraken
 33801 | Shoals:1 | Killed a kraken
 34254 | Snake:1  | Entered Level 1 of the Snake Pit
 34275 | Snake:1  | Found Woed's Antique Armour Shoppe.
 34375 | Snake:1  | Found Tegauff's Gadget Shoppe.
 34392 | Snake:1  | Found a flickering gateway to a bazaar.
 34409 | Bazaar   | Entered a bazaar
 34423 | Bazaar   | Found Qagam Ifutt's Magic Scroll Shoppe.
 34446 | Bazaar   | Found Sopnuc's Armour Shoppe.
 34463 | Bazaar   | Found Urphuf's Weapon Shoppe.
 34482 | Bazaar   | Found Fankag's General Store.
 34482 | Bazaar   | Found Quroxeod's Gadget Shoppe.
 34532 | Bazaar   | Bought a scroll of identify for 22 gold pieces
 34576 | Bazaar   | Bought a scroll of brand weapon for 240 gold pieces
 34576 | Bazaar   | Bought a scroll of identify for 24 gold pieces
 34632 | Bazaar   | Bought a potion of might for 44 gold pieces
 35267 | Snake:1  | Reached skill level 15 in Shields
 36399 | Snake:2  | Received a gift from Okawaru
 36399 | Snake:2  | Reached XP level 17. HP: 100/135 MP: 15/19
 36410 | Snake:2  | Got a pair of heavily runed gloves {god gift}
 36424 | Snake:2  | Identified the +0 pair of gloves of Minor Irritation {rPois
                  | rF- Str+8 SInv} (Okawaru gifted it to you on level 2 of the
                  | Snake Pit)
 37173 | Snake:3  | Found Yzxetaji's Antique Armour Emporium.
 37247 | Snake:3  | Found Xut Toec's Weapon Boutique.
 37458 | Snake:3  | Found Kiebriawn's Assorted Antiques.
 37467 | Snake:3  | Reached skill level 5 in Stealth
 37471 | Snake:3  | Bought a wand of digging (5) for 224 gold pieces
 38273 | Lair:1   | Identified the +8 flail of Fear {crush, +Inv rN+ Str-2
                  | Int+10} (You found it on level 15 of the Dungeon)
 38276 | Lair:1   | Identified the +6 quick blade of Blind Justice {pain,
                  | +Blink +Rage +Fly rPois} (You found it on level 15 of the
                  | Dungeon)
 38601 | Shoals:2 | Noticed Ilsuiw
 38602 | Shoals:2 | Noticed Polyphemus
 38803 | Shoals:2 | Received a gift from Okawaru
 38807 | Shoals:2 | Killed Ilsuiw
 38965 | Shoals:2 | Killed Polyphemus
 39705 | Shoals:3 | Reached skill level 16 in Shields
 39850 | Shoals:3 | Noticed Aizul
 39868 | Shoals:3 | Killed Aizul
 40067 | Shoals:3 | Received a gift from Okawaru
 40080 | Shoals:3 | Got a heavily runed helmet {god gift}
 40082 | Shoals:3 | Identified the +0 helmet of the Orcish Mines {rC+ rN+++
                  | Dex-4 Stlth+} (Okawaru gifted it to you on level 3 of the
                  | Shoals)
 40353 | Shoals:4 | Entered Level 4 of the Shoals
 40412 | Shoals:4 | Found a flickering gateway to a bazaar.
 40418 | Bazaar   | Entered a bazaar
 40427 | Bazaar   | Found Udouttu's Magic Scroll Shop.
 40427 | Bazaar   | Found Ilesub's Jewellery Boutique.
 40451 | Bazaar   | Bought a scroll of acquirement for 728 gold pieces
 40519 | Shoals:4 | HP: 6/137 [drowned by a drowned soul[a merfolk avatar]
                  | (13)]
 40913 | Shoals:4 | Reached XP level 18. HP: 76/144 MP: 15/20
 41155 | Shoals:4 | Got a barnacled rune of Zot
 41330 | Shoals:4 | Got an iridescent dagger
 41331 | Shoals:4 | Identified the +6 dagger "Ziyrur" {venom, +Blink rN+ Dex+4
                  | Stlth-} (You found it on level 4 of the Shoals)
 41442 | Shoals:4 | Noticed Roxanne
 41475 | Shoals:4 | Reached skill level 15 in Long Blades
 41578 | Shoals:4 | Got a pair of spiked gloves
 41590 | Shoals:4 | Identified the +1 pair of gloves of the Untouchables {MR+}
                  | (You acquired it on level 4 of the Shoals)
 41756 | Shoals:4 | Noticed Louise
 41794 | Shoals:4 | Killed Louise
 41794 | Shoals:4 | Received a gift from Okawaru
 41935 | Shoals:4 | Killed Roxanne
 42117 | Shoals:4 | Got a heavily runed chain mail
 42128 | Shoals:4 | Identified the +6 chain mail of the Engineer {Int-3 Dex+6}
                  | (You found it on level 4 of the Shoals)
 42363 | Snake:4  | Entered Level 4 of the Snake Pit
 42589 | Snake:4  | Reached skill level 17 in Shields
 43857 | Snake:4  | Found a large runed translucent door.
 43857 | Snake:4  | Found a large runed translucent door.
 43878 | Snake:4  | Noticed Peloso's ghost (adept MiFi)
 43907 | Snake:4  | Killed Peloso's ghost
 43907 | Snake:4  | Received a gift from Okawaru
 44042 | Snake:4  | Got a jewelled double sword {god gift}
 44043 | Snake:4  | Identified the +1 double sword of the Thirsty Spirits
                  | {drain, rElec} (Okawaru gifted it to you on level 4 of the
                  | Snake Pit)
 44358 | Snake:4  | Found Kebaul's Jewellery Shoppe.
 44358 | Snake:4  | Found Aholiuda's Gadget Boutique.
 44359 | Snake:4  | Found Hummouf's Jewellery Shoppe.
 44375 | Snake:4  | Bought the amulet of the Four Winds {rN+ MR+++ Clar} for
                  | 921 gold pieces
 44375 | Snake:4  | Found the amulet of the Four Winds {rN+ MR+++ Clar}
 45078 | Snake:4  | Got a serpentine rune of Zot
 45582 | Elf:1    | Entered Level 1 of the Elven Halls
 45782 | Elf:1    | Found Ofyutwa's Food Shoppe.
 45834 | Elf:1    | Received a gift from Okawaru
 45845 | Elf:1    | Got a bloodstained large shield {god gift}
 45851 | Elf:1    | Identified the +9 large shield "Lik Xod" {+Blink Regen+
                  | Str+4 Stlth+} (Okawaru gifted it to you on level 1 of the
                  | Elven Halls)
 45953 | Elf:1    | Gained mutation: You are completely covered in molten
                  | scales. (AC +4, rF+) [demonic ancestry]
 45953 | Elf:1    | Reached XP level 19. HP: 129/152 MP: 21/21
 46121 | Elf:1    | Identified Inad's Disquisition on Confrontation
 46581 | Elf:2    | Reached skill level 18 in Shields
 47089 | Elf:2    | Identified the Papyrus of Summoning
 47184 | Elf:2    | Found a runed translucent gate.
 47184 | Elf:2    | Found a runed translucent gate.
 47184 | Elf:2    | Found a runed translucent gate.
 47368 | Elf:3    | Entered Level 3 of the Elven Halls
 47423 | Elf:3    | Received a gift from Okawaru
 47789 | Elf:3    | Received a gift from Okawaru
 48483 | Elf:3    | Identified the ring "Zoabev" {rPois rC+ rCorr}
 48562 | Elf:3    | Noticed a Tzitzimitl
 48564 | Elf:3    | Reached skill level 19 in Shields
 48661 | Elf:3    | Received a gift from Okawaru
 48868 | Elf:3    | Gained mutation: You are immune to clouds of flame.
                  | [demonic ancestry]
 48868 | Elf:3    | Reached XP level 20. HP: 161/161 MP: 22/22
 48950 | Elf:3    | Identified the Papyrus of Earth and Lightness
 49070 | Elf:3    | Got a pitted whip
 49071 | Elf:3    | Identified the +1 whip of Fixation {freeze, rElec rF- rN+
                  | Str+4} (You found it on level 3 of the Elven Halls)
 49311 | Elf:2    | Received a gift from Okawaru
 49374 | Elf:2    | Got a pitted falchion {god gift}
 49379 | Elf:2    | Identified the +1 falchion "Liongugi" {slice, rPois rC- rN+
                  | Dex+3} (Okawaru gifted it to you on level 2 of the Elven
                  | Halls)
 49432 | Elf:2    | Reached skill level 15 in Fighting
 50098 | Vaults:1 | Entered Level 1 of the Vaults
 50629 | Vaults:1 | Received a gift from Okawaru
 51689 | Vaults:2 | Received a gift from Okawaru
 51709 | Vaults:2 | Reached skill level 20 in Shields
 52036 | Vaults:2 | Found Ziumeovoty's Distillery.
 52547 | Vaults:2 | Received a gift from Okawaru
 52562 | Vaults:2 | Got a steaming falchion {god gift}
 52563 | Vaults:2 | Identified the +1 falchion of Prudence {drain, rF+}
                  | (Okawaru gifted it to you on level 2 of the Vaults)
 52932 | Vaults:3 | Gained mutation: A powerful demonic guardian rushes to your
                  | aid. [demonic ancestry]
 52932 | Vaults:3 | Reached XP level 21. HP: 169/169 MP: 23/23
 52988 | Vaults:3 | Found a staircase to the Crypt.
 53110 | Vaults:3 | Received a gift from Okawaru
 54012 | Vaults:4 | Received a gift from Okawaru
 54015 | Vaults:4 | Got a dazzling large shield {god gift}
 54026 | Vaults:4 | Identified the +9 large shield of the Land of Plenty
                  | {Int+7} (Okawaru gifted it to you on level 4 of the Vaults)
 54251 | Vaults:4 | Reached skill level 21 in Shields
 55108 | Vaults:4 | Found Etegomis's Book Shop.
 55333 | Vaults:5 | Entered Level 5 of the Vaults
 55347 | Vaults:5 | Noticed a golden dragon
 55551 | Vaults:4 | Received a gift from Okawaru
 55614 | Vaults:5 | Gained mutation: You can hurl damnation. [demonic ancestry]
 55614 | Vaults:5 | Reached XP level 22. HP: 130/178 MP: 18/24
 55699 | Vaults:5 | Killed a golden dragon
 55952 | Vaults:4 | Received a gift from Okawaru
 56176 | Vaults:5 | Reached skill level 22 in Shields
 56217 | Vaults:5 | Noticed Margery
 56343 | Vaults:5 | Killed Margery
 56343 | Vaults:5 | Received a gift from Okawaru
 56347 | Vaults:5 | Got a pair of encrusted gloves {god gift}
 56348 | Vaults:5 | Identified the -5 pair of gloves of the Crown {MP+9 Dex-4
                  | Stlth+} (Okawaru gifted it to you on level 5 of the Vaults)
 56504 | Vaults:5 | Identified the +8 mace "Tajungie" {drain, *Contam +Blink
                  | rElec Int+3}
 56504 | Vaults:5 | Identified the ring "Yfreruca" {Str+3 Stlth+}
 56858 | Vaults:5 | Noticed a golden dragon
 56872 | Vaults:5 | Killed a golden dragon
 56897 | Vaults:5 | Identified the +7 short sword of Abomination {pierce,
                  | Fragile rN++}
 57098 | Vaults:5 | Got a silver rune of Zot
 57099 | Vaults:5 | Identified Uthegab's Compendium of Unholy Secrets and the
                  | Snowflakes
 57315 | Vaults:5 | Identified the Papyrus of Displaced Creation
 57434 | Vaults:5 | Identified the Incunabulum of Shape Shifting and Execration
 57487 | Vaults:5 | Identified Facenogh's Grimoire of Assistive Creation
 58311 | Vaults:5 | Got a dazzling cloak
 58312 | Vaults:5 | Identified the +1 cloak "Bakhlaetat" {rElec Regen+ Stlth+}
                  | (You found it on level 5 of the Vaults)
 58353 | Vaults:5 | Got a crude hand crossbow
 58364 | Vaults:5 | Identified the +11 hand crossbow of Floods {flame, rPois}
                  | (You found it on level 5 of the Vaults)
 58477 | Vaults:5 | Received a gift from Okawaru
 58683 | Vaults:4 | You fall into a shaft and drop 1 floor!
 59438 | Crypt:1  | Entered Level 1 of the Crypt
 59438 | Crypt:1  | Noticed Sojobo
 59457 | Crypt:1  | Killed Sojobo
 59914 | Crypt:1  | Reached XP level 23. HP: 178/186 MP: 26/26
 59944 | Crypt:1  | Identified the ring of Sunlight {*Contam rPois MR+ EV+4
                  | Str+6}
 60454 | Crypt:1  | Noticed Xtahua
 60464 | Crypt:1  | Killed Xtahua
 60552 | Crypt:1  | Found a runed translucent door.
 60678 | Crypt:1  | Noticed Kucw's ghost (adept GrFi)
 60778 | Crypt:1  | Killed Kucw's ghost
 60832 | Crypt:2  | Reached skill level 5 in Invocations
 60922 | Crypt:2  | Reached skill level 23 in Shields
 60953 | Crypt:2  | Received a gift from Okawaru
 60957 | Crypt:2  | Got a fine crystal plate armour {god gift}
 60968 | Crypt:2  | Identified the +8 crystal plate armour of Follow the Leader
                  | {rC++ Int-4} (Okawaru gifted it to you on level 2 of the
                  | Crypt)
 61017 | Crypt:2  | Found an ancient bone altar of Kikubaaqudgha.
 61437 | Crypt:3  | Entered Level 3 of the Crypt
 61632 | Crypt:3  | Found an ancient bone altar of Kikubaaqudgha.
 61861 | Crypt:3  | Identified Felobeni's Papyrus of the Escort and Cold
 61945 | Crypt:3  | Found a staircase to the Tomb.
 61950 | Crypt:3  | Noticed Jory
 61963 | Crypt:3  | Killed Jory
 62132 | Crypt:3  | Received a gift from Okawaru
 62152 | Crypt:3  | Got a flickering wooden ring
 62152 | Crypt:3  | Got a warped marble ring
 62153 | Crypt:3  | Identified the ring of Altruism {rF- rN+ MR+ Int+7} (You
                  | found it on level 3 of the Crypt)
 62154 | Crypt:3  | Identified the ring of Narompum {*Drain rN+ Int+4} (You
                  | found it on level 3 of the Crypt)
 62156 | Crypt:3  | Got a twitching iron ring
 62157 | Crypt:3  | Identified the ring of Royny {+Inv rPois MP+9 Str-2 Int-2}
                  | (You found it on level 3 of the Crypt)
 62161 | Crypt:3  | Got an iridescent lajatang
 62162 | Crypt:3  | Identified the cursed +1 lajatang "Retebaeg" {flame, Dex+3
                  | Stlth+} (You found it on level 3 of the Crypt)
 62233 | Crypt:3  | Identified the Grimoire of Talismans and the Blaze
 63326 | Snake:3  | Bought a twisted crystal plate armour for 3230 gold pieces
 63339 | Snake:3  | Identified the +14 crystal plate armour of Vess {Dex+4}
                  | (You bought it in a shop on level 3 of the Snake Pit)
 63460 | Snake:3  | Got a dazzling glaive
 63461 | Snake:3  | Identified the +10 glaive of the Fox {drain, +Inv MP-9
                  | Int+3 Dex+2} (You found it on level 3 of the Snake Pit)
 63810 | Depths:1 | Entered Level 1 of the Depths
 63857 | Depths:1 | Noticed Mara
 63886 | Depths:1 | Noticed Peloso's illusion
 63889 | Depths:1 | Killed Mara
 63889 | Depths:1 | Received a gift from Okawaru
 63889 | Depths:1 | Reached XP level 24. HP: 187/196 MP: 25/26
 63933 | Depths:1 | Found a shattered altar of Ashenzari.
 63978 | Depths:1 | Reached skill level 24 in Shields
 64359 | Depths:1 | Found a gateway to Hell.
 64797 | Depths:2 | Received a gift from Okawaru
 64907 | Depths:2 | Noticed a juggernaut
 64946 | Depths:2 | Killed a juggernaut
 65249 | Depths:2 | Found a one-way gate leading to the halls of Pandemonium.
 65461 | Depths:2 | Found a gateway to a ziggurat.
 65741 | Depths:2 | Found a portal to a secret trove of treasure.
 66165 | Orc:2    | Bought a potion of haste for 120 gold pieces
 66165 | Orc:2    | Bought a potion of haste for 120 gold pieces
 66165 | Orc:2    | Bought a potion of heal wounds for 60 gold pieces
 66165 | Orc:2    | Bought a potion of brilliance for 48 gold pieces
 66723 | Vaults:2 | Bought 2 potions of heal wounds for 150 gold pieces
 67826 | Snake:3  | Bought a potion of haste for 280 gold pieces
 68380 | Depths:2 | You paid a toll of 7 potions of haste to enter a treasure
                  | trove
 68381 | Trove    | Entered a treasure trove
 68384 | Trove    | Found the +4 moon troll leather armour {Spirit, Regen++
                  | MP+5}
 68384 | Trove    | Found the -2 hat of the Alchemist {rElec rPois rF+ rC+ rN+
                  | MR+ rMut rCorr}
 68386 | Trove    | Got a heavily runed helmet
 68388 | Trove    | Got a bloodstained chain mail
 68399 | Trove    | Got a pair of fine gloves
 68404 | Trove    | Got a pair of dazzling gloves
 68424 | Trove    | Identified the +0 helmet of Joy {Dex+3} (You found it in a
                  | treasure trove)
 68427 | Trove    | Identified the +2 pair of gloves of a bazaar {Regen+ Int+4}
                  | (You found it in a treasure trove)
 68430 | Trove    | Identified the +3 pair of gloves "Voijin" {+Blink rN+ Dex+2
                  | SInv} (You found it in a treasure trove)
 68431 | Trove    | Identified the cursed +1 chain mail "Ukokag" {Dex+3} (You
                  | found it in a treasure trove)
 68968 | D:13     | Killed execc's ghost
 69256 | Depths:3 | Identified the +6 large shield "Kiefaoco" {rPois rC+ Dex+4}
 69360 | Depths:3 | Found a glowing silver altar of Zin.
 69360 | Depths:3 | Noticed Mennas
 69406 | Depths:3 | Killed Mennas
 69532 | Depths:3 | Reached skill level 25 in Shields
 69718 | Depths:3 | Received a gift from Okawaru
 69793 | Depths:3 | Reached XP level 25. HP: 204/204 MP: 26/26
 69797 | Depths:3 | Reached skill level 15 in Armour
 69828 | Depths:3 | Paralysed by a floating eye for 2 turns
 70008 | Depths:3 | Identified the Collected Works on Supportive Transformation
 70443 | Depths:3 | Got a fine hand crossbow
 70444 | Depths:3 | Identified the cursed +2 hand crossbow of the Equinox
                  | {flame, *Slow +Inv rC+ Str+8} (You found it on level 3 of
                  | the Depths)
 70940 | Depths:4 | Found a one-way gate to the infinite horrors of the Abyss.
 71359 | Depths:4 | Identified Sif Muna's Grimoire of Dislocation
 71387 | Depths:4 | Got an ichor-stained chain mail
 71388 | Depths:4 | Identified the +4 chain mail "Tuen" {+Blink rPois} (You
                  | found it on level 4 of the Depths)
 71442 | Depths:4 | Got a translucent hand crossbow
 71443 | Depths:4 | Identified the +5 hand crossbow of Trauma {freeze, rF+}
                  | (You found it on level 4 of the Depths)
 71520 | Depths:4 | Received a gift from Okawaru
 71746 | Depths:5 | Entered Level 5 of the Depths
 71809 | Depths:5 | Received a gift from Okawaru
 71884 | Depths:5 | Found a magical portal.
 72240 | WizLab   | Found the ring of Robustness {AC+8}
 72255 | WizLab   | Reached skill level 26 in Shields
 72646 | Depths:5 | Found a gate to the Realm of Zot.
 73906 | Hell     | Entered the Vestibule of Hell
 73906 | Hell     | Noticed Geryon
 73922 | Hell     | Received a gift from Okawaru
 73923 | Hell     | Killed Geryon
 74315 | Slime:1  | Entered Level 1 of the Pits of Slime
 74323 | Slime:1  | Gained mutation: When low on magic, you restore magic in
                  | place of health. [demonic ancestry]
 74323 | Slime:1  | Reached XP level 26. HP: 215/215 MP: 14/26
 74496 | Slime:3  | Noticed Dissolution
 74511 | Slime:3  | Killed Dissolution
 74636 | Slime:5  | Entered Level 5 of the Pits of Slime
 74666 | Slime:5  | Received a gift from Okawaru
 74910 | Slime:5  | Gained mutation: Your magical capacity is low. (-10% MP) [a
                  | shining eye]
 75011 | Slime:5  | Found a viscous altar of Jiyva.
 75032 | Slime:5  | Noticed the Royal Jelly
 75049 | Slime:5  | Killed the Royal Jelly
 75122 | Slime:5  | Got a vibrating steel ring
 75123 | Slime:5  | Identified the ring of Suicyr {*Tele rF+ rN+ MR-} (You
                  | found it on level 5 of the Pits of Slime)
 75200 | Slime:5  | Got a clouded jade ring
 75201 | Slime:5  | Identified the ring "Ututuffo" {Wiz *Corrode rN++ Slay+2
                  | SInv} (You found it on level 5 of the Pits of Slime)
 75203 | Slime:5  | Got a slimy rune of Zot
 75681 | Temple   | Entered the Ecumenical Temple
 76569 | Zot:1    | Entered Level 1 of the Realm of Zot
 76696 | Zot:1    | Reached skill level 27 in Shields
 76862 | Zot:1    | Received a gift from Okawaru
 77242 | Zot:1    | Noticed an orb of fire
 77265 | Zot:1    | Gained mutation: You are weak. (Str -2) [an orb of fire]
 77267 | Zot:1    | Killed an orb of fire
 77823 | Zot:2    | Reached XP level 27. HP: 224/224 MP: 24/24
 78079 | Zot:2    | Received a gift from Okawaru
 78591 | Zot:3    | Received a gift from Okawaru
 81636 | Hell     | Found a gateway to the Iron City of Dis.
 81771 | Hell     | Found a gateway to the decaying netherworld of Tartarus.
 81830 | Hell     | Found a gateway to the freezing wastes of Cocytus.
 81843 | Coc:1    | Entered Level 1 of Cocytus
 83019 | Coc:1    | Received a gift from Okawaru
 83741 | Coc:1    | Received a gift from Okawaru
 83744 | Coc:1    | Got an iridescent scimitar {god gift}
 83745 | Coc:1    | Identified the +6 scimitar of Eternity {slice, rPois MR-
                  | Dex+6} (Okawaru gifted it to you on level 1 of Cocytus)
 85541 | Coc:3    | Received a gift from Okawaru
 87284 | Coc:4    | Received a gift from Okawaru
 88444 | Coc:5    | Received a gift from Okawaru
 89514 | Coc:6    | Received a gift from Okawaru
 89517 | Coc:6    | Got an encrusted large shield {god gift}
 89518 | Coc:6    | Identified the +2 large shield of Paism {+Blink rF- rCorr}
                  | (Okawaru gifted it to you on level 6 of Cocytus)
 89674 | Coc:6    | Gained mutation: Your magical capacity is very low. (-20%
                  | MP) [mutagenic glow]
 89708 | Coc:6    | Gained mutation: You are clumsy. (Dex -2) [mutagenic glow]
 90634 | Coc:7    | Entered Level 7 of Cocytus
 91133 | Coc:7    | Identified the Tome of Floating Black Rituals
 91362 | Coc:7    | Identified the Collected Works on Noxious Beguiling
 91541 | Coc:7    | Received a gift from Okawaru
 91547 | Coc:7    | Got a crystal scimitar {god gift}
 91548 | Coc:7    | Identified the +1 scimitar of Destiny {antimagic, +Blink
                  | rElec} (Okawaru gifted it to you on level 7 of Cocytus)
 91649 | Coc:7    | Noticed Antaeus
 91672 | Coc:7    | Killed from afar by an elemental wellspring

Levels and vault maps discovered:
D:1:      lemuel_arrival_hallway, layout_rooms, minivault_23, st_stairs_9
D:2:      layout_loops_ring, nicolae_qazlal_style_of_elements,
          chequers_ecumenical_altar_simple_redux, dk_yredelemnul_ordeal
D:3:      layout_basic, okawaru_metal_pillars_1_2, first_ration,
          due_unseen_surprise, uniq_terence
D:4:      layout_cave_pods, kennysheep_mini, marbit_many_paths,
          lightli_ossuary_entry_decrepit_ruins, chequers_jeans,
          grunt_dithmenos_shadows
D:5:      layout_basic, nicolae_overflow_crystal_walls, old_standard_altar
D:6:      layout_cave_pods, old_standard_altar
D:7:      layout_loops_ring, kennysheep_little_box,
          gammafunk_temple_overflow_wave, temple_statues, the_bakery,
          worms_lemuel
D:8:      layout_basic, basic_altar, trog_book
D:9:      layout_cave_pools, lemuel_doored_altar, nemelex_diamond_rough_becter,
          uniq_erolcha
D:10:     layout_roguey, erik_lair_island, david_orc_5, uniq_josephine
D:11:     layout_basic, basic_altar, lemuel_altar_in_water
D:12:     layout_gridville, disabler_island, uniq_psyche
D:13:     layout_cave_pools, ploomutoo_gammafunk_ghost_potion_laboratory,
          hangedman_devilish_allure
D:14:     layout_basic, skrybe_vaults_entry_preservation, serial_rivers,
          chequers_serial_rivers_small_b, chequers_serial_rivers_micro_d,
          chequers_serial_rivers_room_b, chequers_serial_rivers_small_3,
          chequers_serial_rivers_small_a, chequers_serial_rivers_large_b,
          serial_park_tiny_1, uniq_kirke
D:15:     grunt_enter_depths_snipers, layout_loops_corners,
          gammafunk_ghost_spectres, nicolae_water_bricks
Temple:   pf_slimified_temple
Lair:1:   layout_gridlike, st_stairs_11
Lair:2:   layout_gridlike, serial_bayou_ford_a,
          eino_small_chamber_without_monster
Lair:3:   layout_regular_city, minmay_snake_entry_six_corridors,
          lemuel_fruit_tree, lemuel_fruit_fields
Lair:4:   layout_hall_layers, elwin_shoals_entry_rocks, serial_bayou_lagoon_a,
          infiniplex_staircase_pool
Lair:5:   layout_regular_city, slime_altar_1, beast_lair_carwin_4
Lair:6:   wormcave, layout_gridlike, hangedman_lair_caniforms_friends,
          gauntlet_entry_generic, portal_ice_cave_entry_imps, wad_woods_road_05,
          serial_bayou_shore_b
Shoals:1: layout_shoals, serial_shops, shop, nicolae_shoals_square_sea_wall,
          nicolae_shoals_siren_and_animal_friends, uniq_nikola
Shoals:2: layout_shoals, uniq_polyphemus, uniq_ilsuiw
Shoals:3: layout_shoals, yaktaur_hedge, uniq_aizul
Shoals:4: shoals_end_grunt_ice, layout_shoals, serial_shops, bzr_entry_road,
          uniq_louise, uniq_roxanne
Snake:1:  layout_concentric_octagons, serial_shops, bzr_entry_lakeside, shop,
          nicolae_shop_stone
Snake:2:  nicolae_snake_nest, layout_cave_pods
Snake:3:  minmay_snake_river, layout_onion, serial_shops, shop, shop, shop
Snake:4:  snake_pit, layout_concentric_octagons, ebering_ghost_disaster_area,
          minmay_shop_grove
Slime:1:  layout_caves
Slime:2:  layout_caves
Slime:3:  layout_caves, uniq_dissolution
Slime:4:  layout_caves
Slime:5
Orc:1:    layout_caves
Orc:2:    st_orc_pillars, layout_caves, basic_altar
Elf:1:    minmay_slanted_spiral_squares, layout_geoelf_diagonals, serial_shops,
          nicolae_shop_window_shopping, minmay_elf_sorcery
Elf:2:    layout_loops_ring, minmay_elf_demonology
Elf:3:    elf_hall, layout_gridlike, grunt_megastairs_4
Vaults:1: v_rooms_4, nicolae_vaults_network_quinsquares
          [nicolae_vaults_network_quincunx_subvault,
          nicolae_vaults_network_quincunx_subvault,
          nicolae_vaults_network_quincunx_subvault,
          nicolae_vaults_network_quincunx_subvault],
          nicolae_vaults_specimen_jars, nicolae_vaults_know_your_exits,
          ontoclasm_vaults_shuriken, nicolae_vaults_sealed_display,
          hangedman_vaults_hat, nicolae_vaults_theta,
          vaults_room_stairs_pillars, vaults_dpeg_encased_lava,
          layout_vaults_chaotic_city
Vaults:2: vaults_room_fours, ontoclasm_vaults_gallery, serial_ice_h,
          nicolae_vaults_hallways_thing, v_rooms_5, v_rooms_2, v_misc_15,
          v_pattern_5, vaults_mumra_minichess_inversion,
          hangedman_vaults_stream, vaults_room_semicircle,
          layout_vaults_omnicross, serial_shops, shop
Vaults:3: minmay_crypt_entry_simple_statues, hangedman_vaults_trim, v_misc_12,
          v_misc_26, st_more_cells, nicolae_vaults_asterisk,
          nicolae_vaults_yaktaur_gun_rack, vaults_room_pool, v_misc_29,
          layout_vaults_maze_snakey
Vaults:4: v_alt_pattern_1, v_rooms_5, grunt_vaults_diagonal,
          hangedman_vaults_restitches, ontoclasm_vaults_ligature,
          nicolae_vaults_shelves_hall, v_misc_33, ontoclasm_vaults_ring_square,
          nicolae_vaults_shelves_hall, vaults_room_octagon,
          nicolae_vaults_mini_display_case, v_misc_8, v_rooms_5,
          nicolae_vaults_little_squares_2, layout_vaults_ring, serial_shops,
          shop
Vaults:5: uniq_margery
Crypt:1:  layout_misc_corridors, gammafunk_ghost_grave, st_vampire_maze,
          uniq_sojobo, uniq_xtahua
Crypt:2:  layout_chaotic_city, basic_altar
Crypt:3:  grunt_crypt_end_deaths_head
Depths:1: layout_cave_shapes, hangedman_coc_ice_floe, columned_hall_lemuel,
          grunt_decor_one_mirror, minmay_misc_feat_doors, kennysheep_cross_room,
          evilmike_ruin_ashenzari, uniq_mara
Depths:2: minmay_the_grid_square_5x5_5x5 [minmay_the_grid_square_5x5_minimal,
          minmay_the_grid_square_5x5_n_small,
          minmay_the_grid_square_5x5_one_wall,
          minmay_the_grid_square_5x5_sharp_hourglass,
          minmay_the_grid_square_5x5_hollow_slash,
          minmay_the_grid_square_5x5_inner_i,
          minmay_the_grid_square_5x5_prize_rear_guard,
          minmay_the_grid_square_5x5_doubleslash,
          minmay_the_grid_square_5x5_prize_gold,
          minmay_the_grid_square_5x5_two_small,
          minmay_the_grid_square_5x5_broken_cross,
          minmay_the_grid_square_5x5_almost_minimal,
          minmay_the_grid_square_5x5_prize_deathbox,
          minmay_the_grid_square_5x5_tie, minmay_the_grid_square_5x5_shuriken,
          minmay_the_grid_square_5x5_six, minmay_the_grid_square_5x5_prize_open,
          minmay_the_grid_square_5x5_hourglass,
          minmay_the_grid_square_5x5_prize_junk,
          minmay_the_grid_square_5x5_empty,
          minmay_the_grid_square_5x5_three_walls,
          minmay_the_grid_square_5x5_lines, minmay_the_grid_square_5x5_percent,
          minmay_the_grid_square_5x5_v, minmay_the_grid_square_5x5_comb],
          layout_basic, enter_ziggurat_a, pan_entry, hell_entry,
          nicolae_trove_entry_diagonal, infiniplex_staircase_zigzag_3,
          serial_bayou_shore_a
Depths:3: evilmike_silver_temple, layout_basic, pan_entry,
          kennysheep_cross_bottleneck, hell_entry, kennysheep_generic_room_4,
          uniq_jory
Depths:4: vault_1, layout_long_grid, abyss_entry, hell_entry, minivault_16,
          minmay_staircase_bubble
Depths:5: evilmike_zot_entry_diamond, layout_cave_pools, mu_enter_wizlab_4,
          grunt_decor_resistance, hangedman_geh_valley, rand_demon_pan_entry_8,
          hangedman_decor_riveting, grunt_ministairs_15,
          chequers_serial_rivers_small_a, serial_bayou_shore_b
Hell
Coc:1:    layout_cocytus_water_paths
Coc:2:    layout_cocytus_water_paths
Coc:3:    layout_cocytus_water_paths
Coc:4:    layout_ice_bergs
Coc:5:    layout_cocytus_delve
Coc:6:    layout_ice_bergs
Coc:7:    coc_mu
Zot:1:    layout_concentric_octagons
Zot:2:    layout_onion_interference, st_small_dragon_hoard_1
Zot:3:    layout_basic, grunt_megastairs_2
Zot:4:    layout_concentric_octagons, hangedman_zot_diagonal_lockstep, drop_trap

Skill      XL: |  1  2  3  4  5  6  7  8  9 10 11 12 13 14 15 16 17 18 19 20 21 22 23 24 25 26 27 |
---------------+----------------------------------------------------------------------------------+-----
Armour         | 3 4 5 6 7 8 9 10 11 12 13 14 15 16 18 | 18.9
Long Blades    | 2 3 4 5 7 8 10 11 12 13 14 15 16 17 18 19 20 24 | 24.2
Shields        | 3 4 6 7 8 9 11 12 13 14 15 16 17 19 20 21 22 23 25 26 27 | 27.0
Dodging        | 1 2 3 4 5 6 7 8 9 |  9.7
Fighting       | 4 5 6 8 9 10 11 12 13 14 15 16 17 18 19 20 25 | 25.3
Short Blades   | 2 4 5 6 |  6.5
Stealth        | 1 3 4 5 6 7 |  7.8
Invocations    | 1 2 3 4 5 |  5.7
Evocations     | 1 2 |  2.0
Axes           | 1 |  1.8

Action                   |  1- 3 |  4- 6 |  7- 9 | 10-12 | 13-15 | 16-18 | 19-21 | 22-24 | 25-27 || total
-------------------------+-------+-------+-------+-------+-------+-------+-------+-------+-------++-------
Melee: Long sword        |   111 |   211 |   188 |    38 |       |       |       |       |       ||   548
       Kick              |       |    64 |       |       |   581 |   626 |   811 |  1025 |  2424 ||  5531
       Dagger            |       |    37 |   186 |       |       |       |       |       |       ||   223
       Falchion          |       |       |       |   875 |   505 |       |       |       |       ||  1380
       Rapier            |       |       |       |   168 |       |       |       |       |       ||   168
       Demon blade       |       |       |       |       |   927 |  1348 |  1486 |  1189 |       ||  4950
       Hand axe          |       |       |       |       |    28 |       |       |       |       ||    28
       Double sword      |       |       |       |       |       |       |       |   720 |  4132 ||  4852
Invok: Heroism           |       |       |     7 |    14 |    17 |    12 |       |     8 |     6 ||    64
       Finesse           |       |       |       |       |     1 |       |       |     3 |     2 ||     6
 Abil: Hurl Damnation    |       |       |       |       |       |       |       |       |     1 ||     1
Evoke: Wand              |       |       |       |    10 |     3 |     6 |       |     2 |       ||    21
  Use: Potion            |     2 |     1 |     2 |     4 |     6 |     6 |       |       |     9 ||    30
       Scroll            |     1 |     4 |     2 |    12 |    16 |    15 |     3 |    25 |    18 ||    96
 Stab: Distracted        |       |     1 |     3 |     5 |     4 |    12 |     4 |     4 |     6 ||    39
       Sleeping          |       |     1 |     1 |       |       |       |       |     1 |       ||     3
       Confused          |       |       |       |       |       |       |     4 |       |     3 ||     7
  Eat: Chunk             |       |     5 |     8 |    29 |    31 |    21 |    32 |    17 |    28 ||   171
       Ration            |       |     1 |     2 |     1 |     3 |     9 |       |     9 |    14 ||    39
Armor: Scale mail        |    57 |    98 |       |       |       |       |       |       |       ||   155
       Skin              |       |     6 |       |       |       |       |       |       |       ||     6
       Chain mail        |       |       |     8 |   134 |   427 |   422 |   272 |   114 |       ||  1377
       Ice dragon scales |       |       |     9 |       |   198 |       |       |       |       ||   207
       Plate armour      |       |       |   149 |   400 |       |       |       |       |       ||   549
       Crystal plate arm |       |       |       |       |       |       |       |   430 |  1688 ||  2118
Dodge: Dodged            |    39 |    83 |    96 |   407 |   683 |   424 |   251 |   364 |  1149 ||  3496
Block: Shield            |    53 |   134 |   242 |   739 |  1269 |  1349 |       |       |       ||  3786
       Reflection        |       |       |       |     2 |    30 |   179 |       |       |       ||   211
       Large shield      |       |       |       |       |       |    14 |  2124 |  2711 |  6777 || 11626
       Rpst.: Long sword |    12 |    22 |    11 |     6 |       |       |       |       |       ||    51
       Falchion          |       |       |       |    88 |    49 |       |       |       |       ||   137
       Demon blade       |       |       |       |       |    91 |    78 |    40 |    31 |       ||   240
       Double sword      |       |       |       |       |       |       |       |    27 |   171 ||   198
